Unix NetHack Version 5.0.0-0 post-release - last build May 23 2026 06:08:33 (1c0ff79ee797540d5714e4e18072db0edd9e58ae,branch:main).

Game began 2026-05-26 22:36:03, ended 2026-05-26 22:43:47.

CyberFan, lawful female human Priestess

               ----------------
               |.>.............    -----
   -------     |..............|    +<.`|                 ##0
   |((((.| ####........{......|    |..(|       ----------#       ------------
   |((((.-##   ---------.------    ....|       +........|##      +..........|
   |((((.|              #          -.---       |...([...|#       |..........|
   -------              ##         ###         |.........########....>.....)|
                         #    ##    #         #----------%       |..........|
                         #   ####################@########       ------------
                       --.---###0     #     #
                       |.....##       ### ###
                       |....|##         # #
                       |.....#       ---.-#
                       ------        |.e.|#
                                     |...-#
                                     |...|
                                     -----

CyberFan the Acolyte         St:10 Dx:14 Co:10 In:10 Wi:16 Ch:9  Lawful
Dlvl:4  $:85 HP:0(21) Pw:27(27) AC:5  Xp:3/66 T:1697 

Latest messages:
 You see here an uncursed chest (for sale, 3487 zorkmids).
 In what direction?
 You see here an uncursed leash (for sale, 27 zorkmids).
 You see here an uncursed lamp (for sale, 18 zorkmids).
 You see here an uncursed blindfold (for sale, 27 zorkmids).
 You see here a cursed figurine of a xan (for sale, 107 zorkmids).
 You see here an uncursed towel (for sale, 67 zorkmids).
 You see here an uncursed horn (for sale, 89 zorkmids).
 You see here an uncursed can of grease (for sale, 27 zorkmids).
 You see here an uncursed lamp (for sale, 18 zorkmids).
 #
 (For instructions type a '?')
 You see here an uncursed chest (for sale, 977 zorkmids).
 You see here an uncursed lamp called normal (for sale, 18 zorkmids).
 You see here an uncursed unlocked chest containing 2 items (for sale, 3487 zorkmids).
 Where do you want to travel to?
 (For instructions type a '?')
 You hear the footsteps of a guard on patrol.
 You swap places with the peaceful hobbit.
 You hear the chime of a cash register.
 The cave spider bites!
 You miss the cave spider.
 The cave spider misses!
 You miss the cave spider.
 The cave spider bites!
 You miss the cave spider.
 The cave spider bites!
 You kill the cave spider!
 You see here an uncursed cave spider corpse.
 You descend the stairs.
 It is missed.
 You are hit by a crossbow bolt.
 It is hit.
 What do you want to use or apply? [ghz or ?*]
 Never mind.
 You hear crashing rock.
 D - an uncursed tripe ration.
 You kill the gnome!
 You see here an uncursed gnome corpse.
 The gnome swings his crossbow.
 The gnome hits!
 You climb up the stairs.
 Where do you want to travel to?
 (For instructions type a '?')
 You kill the acid blob!
 You are splashed by the acid blob's acid!
 You see here an uncursed acid blob corpse.
 There is an uncursed acid blob corpse here; eat it? [ynq] (n)
 You have a very bad case of stomach acid.
 You die...

Inventory:
 Coins    ('$')
  $ - 85 gold pieces
 Weapons  (')')
  a - a blessed +1 mace (weapon in right hand)
 Armor    ('[')
  m - an uncursed +1 orcish helm (being worn)
  c - an uncursed +0 small shield (being worn)
  b - an uncursed +0 robe (being worn)
 Comestibles  ('%')
  e - an uncursed clove of garlic
  C - an uncursed food ration
  f - an uncursed sprig of wolfsbane
  D - an uncursed tripe ration
 Scrolls  ('?')
  v - an uncursed scroll of destroy armor
  s - an uncursed scroll of enchant armor
  o - an uncursed scroll of enchant weapon
  q - a blessed scroll of light
 Spellbooks  ('+')
  h - an uncursed spellbook of detect monsters
  g - an uncursed spellbook of healing
 Potions  ('!')
  p - an uncursed potion of acid
  y - a cursed potion of fruit juice
  t - 3 uncursed potions of healing
  x - an uncursed potion of levitation
  i - an uncursed potion of oil
  A - a blessed potion of restore ability
  l - a blessed potion of speed
  d - 4 potions of holy water
 Wands    ('/')
  z - an uncursed wand of opening (0:5)
 Gems/Stones  ('*')
  r - an uncursed amethyst stone
  B - an uncursed fluorite stone
  w - an uncursed worthless piece of blue glass
  n - a cursed worthless piece of red glass
  k - an uncursed worthless piece of yellowish brown glass

CyberFan the Priestess's attributes:

Background:
 You were an Acolyte, a level 3 human Priestess.
 You were lawful, on a mission for Shan Lai Ching
 who was opposed by Chih Sung-tzu (neutral) and Huan Ti (chaotic).
 You were right-handed.
 You were in the Dungeons of Doom, on level 4.
 You entered the dungeon 1697 turns ago.
 It was nighttime.
 You had 66 experience points, 14 more were needed to attain level 4.

Basics:
 You had 0 out of 21 hit points.
 You had all 27 energy points (spell power).
 Your armor class was 5.
 Your wallet contained 85 zorkmids.
 Autopickup was on for '$%?!"=/*', with exceptions.

Final Characteristics:
 Your strength was 10 (peak:14, limit:18/100).
 Your dexterity was 14 (limit:18).
 Your constitution was 10 (limit:18).
 Your intelligence was 10 (limit:18).
 Your wisdom was 16 (peak:17, limit:18).
 Your charisma was 9 (limit:18).

Final Status:
 You weren't hungry.
 You were unencumbered.
 You were wielding a mace.
 You had basic skill with mace.

Final Attributes:
 You were devoutly aligned.
 You were guarded.
 Your spell casting was enhanced by wearing a robe.
 You are dead.

Miscellaneous:
 You disabled loading and storing of bones levels.
 Total elapsed playing time was 7 minutes and 43 seconds.

Major events:
 Turn
    1: CyberFan the lawful human Priestess entered the dungeon
 1125: attained the rank of Acolyte (level 3)
 1370: entered the Gnomish Mines
 1697: killed by an acidic corpse

Spells:
 Name                 Level Category     Fail Retention
 healing                1   healing        0%  76%-100%
 detect monsters        1   divination     0%  76%-100%

Skills:
 Fighting Skills
   bare handed combat [Unskilled]
 Weapon Skills
   club               [Unskilled]
   mace               [Basic]
   morning star       [Unskilled]
   flail              [Unskilled]
   hammer             [Unskilled]
   quarterstaff       [Unskilled]
   polearms           [Unskilled]
   spear              [Unskilled]
   trident            [Unskilled]
   lance              [Unskilled]
   bow                [Unskilled]
   sling              [Unskilled]
   crossbow           [Unskilled]
   dart               [Unskilled]
   shuriken           [Unskilled]
   boomerang          [Unskilled]
   unicorn horn       [Unskilled]
 Spellcasting Skills
   healing spells     [Unskilled]
   divination spells  [Unskilled]
   clerical spells    [Basic]

Voluntary challenges:
 Character rerolling was not enabled.
 You never genocided any monsters.
 You never polymorphed an object.
 You never changed form.
 You used no wishes.
Achievements:
 You attained the rank of Acolyte.
 You entered the Gnomish Mines.
 You entered a shop.

 The Dungeons of Doom: levels 1 to 5
    Level 1:
       A fountain, a sink.
    Level 2:
       A fountain, a grave.
    Level 3:
       A fountain.
    Level 4: <- You were here.
       A tool shop, a fountain.
       Stairs down to The Gnomish Mines.
       Final resting place for
          you, killed by an acidic corpse.
    Level 5:
 The Gnomish Mines:
    Level 5:


Vanquished creatures:
  a kitten
 an acid blob
  a giant rat
  a cave spider
  a yellow mold
  2 gnomes
  a gnome zombie
  3 geckos
  6 jackals
  2 goblins
  a sewer rat
  7 grid bugs
  2 lichens
  4 newts
33 creatures vanquished.

No species were genocided or became extinct.

Game over:
                       ----------
                      /          \
                     /    REST    \
                    /      IN      \
                   /     PEACE      \
                  /                  \
                  |     CyberFan     |
                  |      85 Au       |
                  |   killed by an   |
                  |  acidic corpse   |
                  |                  |
                  |                  |
                  |       2026       |
                 *|     *  *  *      | *
        _________)/\\_//(\/(/\)/\//\/|_)_______

Goodbye CyberFan the Priestess...

You died in The Dungeons of Doom on dungeon level 4 with 551 points,
and 85 pieces of gold, after 1697 moves.
You were level 3 with a maximum of 21 hit points when you died.

